AoeStats
← MaX

Black Forest

505497399Analyzed
2v2 RM · 24d ago on Sep 9, 2026· 58m 8s· 4 players
Game mode
Random Map
Map size
Medium (4 player)
Population
200
Speed
Normal
Resources
Standard
Victory
Conquest
Starting age
Dark Age
Ending age
Imperial Age
RankedLock teamsTeams togetherTeam positionsShared explorationLock speedFull tech treeHidden civsTurbo modeCheats
Victory
Defeat
🇩🇪 Bohemians · Germany
678
+11
🇩🇪 Cumans · Germany
625
+13
🇹🇷 Franks · Türkiye
602
-14
🇮🇪 Huns · Ireland
512
-10
FATİH
12:14 Feudal Age
13:27 Double-Bit Axe
13:41 Gold Mining
15:45 Stone Mining
18:50 Castle Age
20:03 Bow Saw
23:04 Gold Shaft Mining
23:40 Wheelbarrow
22:51 Loom
22:34 Pikeman
23:15 Squires
24:20 Scale Barding Armor
24:26 Forging
27:48 Hand Cart
29:32 Man-at-Arms
29:57 Gambesons
30:32 Crossbowman
31:57 Long Swordsman
34:46 Husbandry
38:39 Iron Casting
41:46 Imperial Age
41:50 Cavalier
43:35 Blast Furnace
44:33 Paladin
45:51 Chain Barding Armor
45:42 Caravan
46:13 Coinage
54:49 Heavy Scorpion
RAMCO
13:03 Feudal Age
23:20 Castle Age
23:34 Double-Bit Axe
37:53 Squires
37:14 Pikeman
37:37 Man-at-Arms
40:48 Forging
40:39 Scale Mail Armor
40:44 Scale Barding Armor
40:40 Padded Archer Armor
40:30 Fletching
44:40 Iron Casting
44:21 Chain Mail Armor
44:21 Leather Archer Armor
48:18 Imperial Age
48:25 Chain Barding Armor
48:01 Bodkin Arrow
49:16 Halberdier
50:59 Husbandry
50:19 Cavalier
MaX
7:01 Loom
13:57 Feudal Age
15:30 Gold Mining
15:29 Double-Bit Axe
15:26 Horse Collar
20:32 Man-at-Arms
21:23 Stone Mining
24:16 Castle Age
24:54 Capped Ram
24:58 Long Swordsman
26:23 Bow Saw
26:49 Forging
26:42 Scale Mail Armor
29:45 Gold Shaft Mining
29:13 Heavy Plow
31:22 Caravan
34:01 Imperial Age
33:16 Steppe Husbandry
34:41 Scale Barding Armor
34:51 Chain Mail Armor
35:12 Iron Casting
34:26 Two-Handed Swordsman
36:25 Wheelbarrow
35:39 Champion
36:40 Elite Steppe Lancer
39:08 Wheelbarrow
38:59 Chain Barding Armor
39:09 Plate Mail Armor
41:12 Hand Cart
43:52 Plate Barding Armor
44:17 Blast Furnace
43:08 Onager
45:05 Cuman Mercenaries
50:52 Ballistics
50:22 Heated Shot
50:43 Masonry
50:29 Murder Holes
51:38 Chemistry
50:30 Elite Kipchak
52:06 Pikeman
52:47 Squires
Flowrider
11:37 Feudal Age
16:56 Castle Age
16:26 Double-Bit Axe
16:33 Horse Collar
18:22 Bow Saw
18:24 Loom
19:54 Squires
19:15 Pikeman
26:02 Forging
25:52 Scale Mail Armor
25:57 Scale Barding Armor
26:22 Heavy Plow
32:15 Iron Casting
31:55 Chain Mail Armor
32:00 Chain Barding Armor
31:31 Fletching
31:41 Padded Archer Armor
34:15 Chemistry
34:52 Ballistics
37:42 Chain Mail Armor
37:47 Chain Barding Armor
37:23 Bodkin Arrow
37:28 Padded Archer Armor
38:14 Wheelbarrow
39:57 Hand Cart
42:20 Imperial Age
42:04 Chain Barding Armor
41:45 Padded Archer Armor
42:21 Houfnice
44:12 Two-Man Saw
47:48 Halberdier
55:23 Elite Hussite Wagon
56:11 Wagenburg Tactics
Connection lost

Rejoining the realm…

Still unreachable

The connection could not be restored.

Session expired

The server has moved on; the page needs a fresh start.